Map: Orbital Shipyard

Players

KoyoT

  • Race: Terran Terran
  • League: Master

Miszu - Winner!

  • Race: Terran Terran
  • League: Grandmaster

VOD

Have the link to the VOD?

Description

Time

  • Played on: Feb. 22, 2016, 5:14 p.m.
  • Length: 8:52
Show
View Real Time Build Order
Export as new Build Order

KoyoT Terran 

Build Orders:  

Get SALT Encoding   

  12  0:01  SCV  
  13  0:13  SCV  
  14  0:17  Supply Depot  
  14  0:25  SCV  
  15  0:39  SCV  
  15  0:42  Barracks  
  16  0:51  SCV  
  17  1:03  SCV  
  18  1:15  SCV  
  19  1:22  Command Center  
  19  1:29  Orbital Command  
  19  1:31  Marine  
  20  1:37  Supply Depot  
  20  1:47  Barracks  
  20  1:49  Marine  
  21  1:55  SCV  
  22  2:03  Barracks  
  22  2:07  Marine  
  23  2:09  SCV  
  24  2:19  Refinery  
  24  2:20  Refinery  
  24  2:21  SCV  
  25  2:25  Marine  
  26  2:33  SCV  
  26  2:35  Supply Depot  
  26  2:36  Orbital Command  
  27  2:42  Marine  
  28  2:45  SCV  
  29  2:56  Marine, Barracks Tech Lab  
  29  2:57  SCV  
  31  3:00  Marine  
  31  3:05  SCV  
  33  3:06  Bunker  
  33  3:09  SCV  
  34  3:13  Marine  
  34  3:17  SCV  
  34  3:18  Stimpack  
  36  3:21  SCV  
  36  3:24  Marine x2  
  39  3:29  SCV  
  39  3:31  Marine  
  39  3:33  SCV  
  42  3:38  Factory  
  42  3:41  SCV  
  42  3:42  Marine  
  42  3:45  SCV  
  42  3:48  Engineering Bay  
  45  3:49  Marine  
  45  3:53  SCV  
  47  3:58  SCV  
  47  3:59  Marine  
  47  4:00  Marine  
  47  4:02  Supply Depot  
  50  4:05  SCV  
  50  4:07  Marine  
  52  4:10  SCV  
  52  4:13  Terran Infantry Weapons Level 1  
  52  4:16  Missile Turret  
  53  4:18  SCV  
  53  4:23  Marine x2, SCV  
  57  4:25  Starport  
  57  4:28  Supply Depot  
  57  4:30  SCV  
  58  4:32  Factory Reactor  
  58  4:33  Marine  
  58  4:36  SCV  
  60  4:39  Supply Depot  
  60  4:42  SCV  
  60  4:44  Marine  
  62  4:49  Marine  
  62  4:50  Marine  
  64  4:55  Supply Depot  
  64  5:02  Marine  
  64  5:03  Supply Depot  
  62  5:07  Marine  
  62  5:10  Marine  
  62  5:14  Supply Depot  
  64  5:15  Factory Tech Lab  
  64  5:17  Medivac x2  
  68  5:24  Supply Depot  
  68  5:28  SCV  
  69  5:33  Barracks  
  69  5:36  Supply Depot, Barracks  
  69  5:38  Marine x3  
  72  5:55  Marine  
  71  6:01  Barracks Tech Lab, SCV x2  
  71  6:03  Siege Tank  
  74  6:06  Barracks  
  73  6:13  SCV  
  63  6:24  Marine  
  55  6:26  Medivac x2  
  55  6:28  SCV x2  
  55  6:31  Barracks Reactor, Barracks Tech Lab  
  61  6:39  Refinery  
  60  6:40  SCV  
  60  6:41  Marine  
  64  6:47  SCV  
  64  6:52  SCV  
  64  6:59  Marine, SCV  
  64  7:00  Marine x3  
  69  7:06  SCV  
  69  7:17  Refinery, Marine x3  
  69  7:18  Marine x2  
  75  7:23  Siege Tank  
  75  7:27  Barracks Reactor  
  75  7:29  SCV  
  78  7:35  Marine x3  
  78  7:36  Barracks Tech Lab  
  81  7:45  SCV  
  82  7:54  Command Center  
  82  7:55  Siege Tank  
  84  8:00  Marine x5  
  84  8:03  Marine x2  
  84  8:17  Marine  
  84  8:18  Marine x4  
  68  8:31  Marine  
  68  8:32  Marine  
Show
View Real Time Build Order
Export as new Build Order

Miszu Terran - Winner!

Build Orders: MMM Bio 

Get SALT Encoding   

  12  0:00  SCV  
  13  0:13  SCV  
  14  0:20  Supply Depot  
  14  0:25  SCV  
  15  0:42  SCV  
  16  0:46  Barracks  
  16  0:50  Refinery  
  16  0:54  SCV  
  17  1:06  SCV  
  18  1:18  SCV  
  19  1:33  Orbital Command  
  19  1:39  Barracks Reactor  
  19  1:41  Command Center  
  19  1:49  Supply Depot  
  19  1:59  SCV  
  20  2:11  SCV  
  20  2:12  Factory  
  21  2:16  Marine x2  
  23  2:23  SCV  
  24  2:34  Marine x2  
  24  2:35  SCV  
  27  2:40  Refinery  
  27  2:47  SCV  
  28  2:53  Marine x2  
  28  2:57  Starport, Factory Tech Lab  
  30  2:59  SCV  
  30  3:00  Orbital Command  
  31  3:11  Marine x2, SCV  
  36  3:22  Supply Depot  
  36  3:23  SCV  
  37  3:31  Marine  
  37  3:32  Marine, SCV  
  40  3:38  Siege Tank  
  40  3:39  SCV  
  42  3:42  Medivac  
  42  3:44  SCV  
  42  3:47  Supply Depot  
  45  3:51  SCV  
  45  3:54  Barracks  
  46  3:56  SCV  
  47  4:03  Barracks  
  47  4:04  SCV  
  47  4:08  SCV  
  49  4:13  Siege Tank  
  52  4:18  SCV  
  52  4:20  Supply Depot  
  52  4:21  SCV  
  52  4:24  Starport Reactor  
  54  4:27  Refinery  
  54  4:28  Refinery  
  54  4:30  SCV  
  55  4:31  Marine  
  55  4:32  Marine  
  55  4:35  SCV  
  58  4:44  SCV  
  60  4:46  Siege Tank  
  60  4:47  Barracks Tech Lab  
  60  4:49  SCV  
  63  4:52  Engineering Bay  
  63  4:59  SCV  
  64  5:01  Marine x2  
  64  5:04  Medivac  
  64  5:05  Barracks Tech Lab  
  64  5:06  SCV  
  69  5:10  Marine  
  69  5:11  Stimpack  
  70  5:16  Supply Depot  
  70  5:18  Supply Depot  
  70  5:37  Marine  
  70  5:38  SCV x2  
  70  5:40  Marine  
  70  5:41  Marine  
  70  5:42  Marine  
  76  5:43  Medivac x2, Siege Tank  
  76  5:49  Barracks  
  83  5:50  Barracks, SCV x2, Combat Shields  
  83  5:55  Marine  
  86  6:16  Marine x4  
  86  6:18  Siege Tank  
  73  6:28  SCV  
  73  6:29  SCV  
  73  6:31  Terran Infantry Weapons Level 1  
  75  6:33  Supply Depot, Marine  
  75  6:34  Marine x3  
  75  6:36  Supply Depot  
  75  6:38  Barracks Reactor x2  
  79  6:43  Medivac  
  81  6:47  Supply Depot  
  81  6:48  Supply Depot  
  81  6:51  Marine x2  
  81  6:52  Marine x2  
  85  6:56  Siege Tank  
  88  7:03  Medivac  
  90  7:09  Marine x3  
  90  7:10  Marine  
  90  7:11  Sensor Tower  
  90  7:13  Medivac  
  95  7:20  Marine x4  
  99  7:24  Supply Depot  
  99  7:27  Marine x3  
  99  7:28  Marine, Siege Tank  
  106  7:37  Marine  
  106  7:38  Marine  
  107  7:45  Marine x4, Command Center  
  107  7:47  Supply Depot  
  107  7:48  Marine  
  107  7:49  Engineering Bay, Marine, Armory  
  113  7:55  Marine x2  
  113  7:57  Medivac  
  117  8:02  Marine  
  117  8:03  Marine x3  
  118  8:20  Marine x5  
  118  8:23  Marine  
  118  8:24  Marine x2  
Tags
 
Add a new tag
Caveats
  • Supply blocks, unpowered buildings, or Contaminate may cause inaccurate times.
  • Supply counts are checked every 10 seconds.